 Dungeon Sprint DCSS version 0.30.0-15-g856e2d3f33 (webtiles) character file.

Game seed: 17542727755499367604

9200000 GloriousHammer the Axe Maniac (level 27, -40/228 HPs)
             Began as a Djinni Warper on May 20, 2023.
             Was the Champion of Makhleb.
             Annihilated by a destroyer
             ... wielding a +9 heavy great sword
              (142 damage)
             ... in the Dungeon (Sprint VIII: "Arena of Blood").
             The game lasted 00:05:51 (92 turns).

GloriousHammer the Axe Maniac (Djinni Warper)         Turns: 92, Time: 00:05:52

Health: -40/228    AC:  6    Str: 10    XL:     27
Gold:   0          EV: 37    Int: 16    God:    Makhleb [******] SH:  0 Dex: 26

rFire   + + .        i - +∞ Axe of Woe
rCold   x . .        (shield currently unavailable)
rNeg    . . .        b - +0 leather armour
rPois   ∞            (no helmet)
rElec   .            (no cloak)
rCorr   .            (no gloves)
SInv    +            (boots unavailable)
Will    ++...        (no amulet)
Stlth   ++++++++++   v - ring of see invisible
HPRegen 0.58/turn    (no ring)
MPRegen 0.00/turn

%: no teleportation, infuse magic (-41 HP)
@: death channelling, flying, slowed, very slow
A: sickness immunity, fire resistance 2, cold vulnerability 1, float, innate
caster, HP casting, extra vitality 1
a: Renounce Religion, Minor Destruction, Lesser Servant of Makhleb, Major
Destruction, Greater Servant of Makhleb


You were in the Dungeon.
You worshipped Makhleb.
Makhleb was exalted by your worship.
You visited 1 branch

Inventory:

Hand Weapons
 a - a +0 hand axe
 i - the +∞ Axe of Woe (weapon)
   (You found it in the Dungeon)
Missiles
 d - 7 boomerangs of dispersal (quivered)
Armour
 b - a +0 leather armour (worn)
Jewellery
 v - a ring of see invisible (left hand)
Scrolls
 c - 2 scrolls of blinking
Potions
 e - a potion of curing
 f - a potion of heal wounds
 g - a potion of haste
 h - a potion of berserk rage


   Skills:
 O Level 27 Fighting
 O Level 27 Short Blades
 O Level 27 Long Blades
 O Level 27 Axes
 O Level 27 Maces & Flails
 O Level 27 Polearms
 O Level 27 Staves
 O Level 27 Ranged Weapons
 O Level 27 Throwing
 O Level 27 Armour
 O Level 27 Dodging
 O Level 27 Stealth
 O Level 27 Shields
 O Level 27 Unarmed Combat
 O Level 27 Spellcasting
 O Level 27 Invocations
 O Level 27 Evocations


You knew the following spells:

 Your Spells              Type           Power      Damage    Failure   Level
a - Manifold Assault      Tloc           82%        N/A       0%          4
b - Death Channel         Necr           41%        N/A       0%          6
c - Vhi's Electric Charg  Tloc/Air       100%       N/A       0%          3
d - Disjunction           Tloc           41%        N/A       1%          8
e - Blink                 Tloc           100%       N/A       0%          2
f - Freeze                Ice            100%       1d10      0%          1
g - Ensorcelled Hibernat  Hex/Ice        100%       N/A       0%          2
h - Gell's Gravitas       Tloc           82%        N/A       0%          3
i - Ozocubu's Armour      Ice            82%        N/A       0%          3
j - Iskenderun's Mystic   Conj/Tloc      82%        2d16      0%          4
k - Blade Hands           Tmut           41%        N/A       0%          5
l - Eringya's Noxious Bo  Tmut/Pois      41%        N/A       0%          6
m - Dragon Form           Tmut           41%        N/A       1%          7
n - Lesser Beckoning      Tloc           100%       N/A       0%          2
o - Ignition              Fire           41%        3d12      1%          8
p - Orb of Destruction    Conj           41%        9d11      1%          7
q - Teleport Other        Tloc           82%        N/A       0%          3
r - Death's Door          Necr           41%        N/A       2%          9
Your spell library was empty.

Dungeon Overview and Level Annotations

Branches:
Dungeon (1/1)

Altars:
Makhleb


Innate Abilities, Weirdness & Mutations

You are immune to sickness and miasma.
You are immune to poison.
Your flesh is very heat resistant. (rF++)
You are vulnerable to cold. (rC-)
You float through the air rather than walking.
You learn spells naturally, not from books.
Your magical power is your life essence.
You have superior vitality. (+4 MHP)


Message History

Your spectral meat berserker drains the bag of meat.
Your spectral meat berserker hits the meat berserker!
Something hits your spectral bag of meat.
Something drains your spectral bag of meat's vigour!
Your spectral bag of meat seems to slow down.
You hear a shout!
The meat beast bites your spectral meat beast!
The meat beast tramples your spectral meat beast.
Your spectral meat beast holds its ground!
Your spectral bag of meat hits the bag of meat.
Your spectral bag of meat hits the large bag of meat but does no damage.
Your spectral bag of meat hits the bag of meat. x2
Your spectral bag of meat closely misses the bag of meat.
An eight-headed meat hydra comes into view.
The bag of meat hits your spectral meat berserker with a +9 war axe!!!
The bag of meat completely misses something.
The bag of meat hits your spectral bag of meat with a +9 war axe.
The bag of meat hits your spectral bag of meat with a +9 war axe!!
Your spectral bag of meat hits the dread but does no damage.
The large bag of meat hits your spectral meat berserker with a +9 giant spiked club!!!!
Your spectral meat berserker is destroyed!
Your spectral bag of meat hits the bag of meat.
You hear a shout!
The destroyer casts a spell at you.
The destroyer blinks!
The wretched soul hits your spectral meat beast.
The wretched soul blinks!
Your spectral meat beast blinks!
Your spectral meat berserker hits the bag of meat!
You feel your dexterity returning.
A destroyer comes into view. It is wielding a +9 heavy great sword.
Casting: Manifold Assault (safe; 0% risk of failure)
Confirm with . or Enter, or press ? or * to list all spells.
Space momentarily warps into an impossible shape!
You slice the dread!!
You pulverise the dread into a thin bloody mist.
You destroy the dread!
Makhleb accepts your kill.
You feel better.
You open the meat beast like a pillowcase!!!
You pulverise the meat beast into a thin bloody mist.
You kill the meat beast!
Makhleb accepts your kill.
You slice the bag of meat!!
You fatally mangle the bag of meat.
You kill the bag of meat!
Makhleb accepts your kill.
A glowing mist starts to gather... x2; The meat beast bites something!!
The meat beast tramples something.
Something holds its ground!
The meat beast barely misses your spectral meat beast. x2
Your spectral meat beast completely misses the meat berserker.
Your spectral meat beast tramples the meat berserker.
The meat berserker holds its ground!
Your spectral meat beast bites the wretched soul.
Your spectral meat beast tramples the wretched soul.
The wretched soul holds its ground!
Your spectral meat beast bites the wretched soul!!
Your spectral meat beast tramples the wretched soul.
The wretched soul holds its ground!
The meat beast bites something but does no damage.
The meat beast tramples something!
Something holds its ground!
The meat berserker hits your spectral meat beast with a +9 battleaxe!!!
The meat berserker hits your spectral meat berserker with a +9 battleaxe!!
The meat berserker hits your spectral bag of meat with a +9 battleaxe!!!
The meat beast bites something!
The meat beast tramples something.
Something holds its ground!
The wretched soul hits your spectral meat beast but does no damage.
The bag of meat is engulfed in blazing flames.
Your spectral meat berserker hits the meat beast.
Something hits your spectral meat berserker!!
Something hits your spectral meat beast!!
A bag of meat comes into view. It is wielding a +9 war axe.
The bag of meat hits your spectral bag of meat with a +9 war axe!
The bag of meat hits your spectral meat berserker with a +9 war axe!!
The bag of meat hits your spectral bag of meat with a +9 war axe!!
Something closely misses your spectral meat beast.
The bag of meat hits your spectral bag of meat with a +9 war axe!! x2
The bag of meat hits your spectral nine-headed meat hydra with a +9 war axe!!
Something hits your spectral bag of meat.
You hear a shout!
Something hits your spectral meat beast.
Your spectral bag of meat closely misses the large bag of meat.
Your spectral bag of meat closely misses the bag of meat.
Your spectral nine-headed meat hydra bites the bag of meat! x3
Your spectral nine-headed meat hydra bites the bag of meat.
Your spectral nine-headed meat hydra drains the bag of meat.
Your spectral nine-headed meat hydra bites the bag of meat!
Your spectral nine-headed meat hydra bites the bag of meat.
Your spectral nine-headed meat hydra barely misses the bag of meat.
Your spectral nine-headed meat hydra bites the bag of meat! x2
Your spectral large bag of meat hits the meat beast but does no damage.
Your spectral large bag of meat hits the meat beast!
You hear a shout!
Your spectral meat beast bites the meat berserker!
Your spectral meat beast tramples the meat berserker!
The meat berserker holds its ground!
Your spectral meat berserker hits the meat beast!
Your spectral bag of meat closely misses the bag of meat.
Your spectral meat beast barely misses the bag of meat. x2
Your spectral meat beast bites the wretched soul!
Your spectral meat beast closely misses the wretched soul.
Your spectral meat berserker hits the bag of meat!
The meat beast bites something but does no damage.
The meat beast tramples something!!
Something holds its ground!
Your spectral meat berserker hits the meat berserker!
Your spectral bag of meat hits the bag of meat.
The destroyer casts a spell at you.
The destroyer blinks!
Your spectral bag of meat barely misses the destroyer.
Unknown command.
Unknown command.
Casting: Manifold Assault (safe; 0% risk of failure)
Confirm with . or Enter, or press ? or * to list all spells.
Space momentarily warps into an impossible shape!
You slice the meat berserker!!
You hew the meat berserker savagely.
You kill the meat berserker!
Makhleb accepts your kill.
You feel better.
You slice the meat berserker!!
You butcher the meat berserker messily.
You kill the meat berserker!
Makhleb accepts your kill.
You hit the bag of meat.
You hew the bag of meat savagely.
You kill the bag of meat!
Makhleb accepts your kill.
You slice the dread!!
You butcher the dread messily.
You destroy the dread!
Makhleb accepts your kill.
A glowing mist starts to gather... x3; The meat beast bites something!!
The meat beast tramples something.
Something holds its ground!
The meat beast bites your spectral bag of meat.
The meat beast tramples your spectral bag of meat.
Your spectral bag of meat holds its ground!
You hear a shout! x2
The meat berserker hits your spectral meat beast with a +9 battleaxe!!!
The meat berserker hits your spectral meat berserker with a +9 battleaxe!! x2
The accursed gestures at you while chanting.
Something smites you!
You hear a shout!
The meat beast bites something!
The meat beast tramples something!!
Something holds its ground!
Your spectral meat beast completely misses the meat berserker.
Your spectral meat beast barely misses the meat berserker.
A wretched soul comes into view.
The bag of meat hits your spectral meat berserker with a +9 war axe!!
The observer gazes at you. Something smites you!
Your spectral meat beast bites the bag of meat.
Your spectral meat beast drains the bag of meat.
Your spectral meat beast tramples the bag of meat!
The bag of meat holds its ground!
The bag of meat hits your spectral bag of meat with a +9 war axe!!
The bag of meat hits your spectral meat berserker with a +9 war axe!
The bag of meat hits your spectral bag of meat with a +9 war axe!
The bag of meat barely misses your spectral bag of meat.
The wretched soul hits your spectral large bag of meat but does no damage.
The destroyer hits your spectral bag of meat with a +9 heavy great sword!!!!!
Your spectral bag of meat is destroyed!
The bag of meat hits your spectral meat berserker with a +9 war axe!
The bag of meat hits your spectral meat beast with a +9 war axe!!
The bag of meat hits your spectral bag of meat with a +9 war axe!
The bag of meat hits your spectral bag of meat with a +9 war axe!!
The bag of meat hits your spectral nine-headed meat hydra with a +9 war axe!!
A bag of meat comes into view. It is wielding a +9 war axe.
The large bag of meat hits your spectral bag of meat with a +9 giant spiked club!!!
The large bag of meat hits your spectral bag of meat with a +9 giant spiked club!!!!
Your spectral meat beast closely misses the wretched soul.
Your spectral meat beast tramples the wretched soul!
The wretched soul holds its ground!
Your spectral meat berserker hits the destroyer but does no damage.
Your spectral meat beast bites the sculptor of flesh.
Your spectral meat beast tramples the sculptor of flesh but does no damage.
The meat beast bites something!!
The meat beast tramples something.
Something holds its ground!
Your spectral bag of meat hits the meat beast but does no damage.
Your spectral nine-headed meat hydra bites the bag of meat!
Your spectral nine-headed meat hydra bites the bag of meat.
Your spectral nine-headed meat hydra drains the bag of meat.
Your spectral nine-headed meat hydra bites the bag of meat!
Your spectral nine-headed meat hydra bites the bag of meat.
Your spectral nine-headed meat hydra bites the bag of meat!
Your spectral nine-headed meat hydra closely misses the bag of meat.
Your spectral nine-headed meat hydra barely misses the bag of meat.
Your spectral nine-headed meat hydra bites the bag of meat!
Your spectral nine-headed meat hydra drains the bag of meat.
Your spectral nine-headed meat hydra bites the bag of meat!
Your spectral bag of meat barely misses the bag of meat.
Your spectral bag of meat hits the destroyer but does no damage.
The eight-headed meat hydra calls on the powers of darkness!
The eight-headed meat hydra convulses!
The bag of meat convulses! x6
The large bag of meat convulses!
Flame seeps out of the large bag of meat.
The bag of meat convulses!
The meat berserker convulses!
Your body is wracked with pain!
Your spectral bag of meat hits the bag of meat.
Your spectral meat berserker barely misses the meat beast.
Your spectral bag of meat hits the bag of meat.
You hear a shout! x3
Your spectral bag of meat hits the bag of meat.
The destroyer hits you with a +9 heavy great sword!!!!
Ouch! That really hurt!
You die...

################
####..)).ZZWZ......
##..Z))..ZZZ2Z......
...oZZZ@)##.##)#####


..†.Z)ZV.ZZZzWVDZ. ..####ZZ)ZO##.##.O. #).)ZZZ)Z)°Z).zoZo. #)2oOoZZZ.Z#Z#W)o.
#.ZoWMZo)..D.§☼§)Z ..G#..Wooo)..oW))○) ....#)Z)))o)..).§.. .§)§...)°○○.)..)...
You could see an accursed, 2 meat beasts, an eight-headed meat hydra, 2
destroyers, an observer (fast, invisible), a sculptor of flesh (ally target), a
large bag of meat (inner flame, ally target), 2 dreads, a meat berserker
(berserk, distracted, drained, ally target), 3 wretched souls, 10 bags of meat,
a friendly spectral nine-headed meat hydra, 17 friendly spectral bags of meat, 8
friendly spectral meat berserkers, a friendly spectral large bag of meat and 4
friendly spectral meat beasts.

Vanquished Creatures
  Sigmund (D)
  4 hell beasts (D)
  6 royal mummies (D)
  4 wraiths (D)
  12 vampire knights (D)
  40 ogres (D)
  12 two-headed ogres (D)
  3 liches (D)
  2 hydras (D)
  A phantom (D)
  94 orcs (D)
  7 skeletal warriors (D)
186 creatures vanquished.

Notes
Turn   | Place    | Note
-------+----------+-------------------------------------------
     0 | D        | Found the +∞ Axe of Woe
     0 | D        | GloriousHammer the Djinni Warper began the quest for the
                  | Orb.
     0 | D        | GloriousHammer set off with the following spells memorised:
                  | Blink, Lesser Beckoning, Vhi's Electric Charge, Teleport
                  | Other, Manifold Assault.
     0 | D        | Reached XP level 1. HP: 18/18 MP: 0/0
     3 | D        | Became a worshipper of Makhleb the Destroyer
     5 | D        | Noticed a bag of meat
     5 | D        | Noticed a bag of meat
     5 | D        | Noticed a bag of meat
     5 | D        | Noticed a bag of meat
     5 | D        | Noticed a meat berserker
     6 | D        | Killed a meat berserker
     6 | D        | Noticed a meat berserker
     6 | D        | Noticed a meat berserker
     7 | D        | Reached XP level 2. HP: 23/23 MP: 0/0
     7 | D        | Reached XP level 3. HP: 28/28 MP: 0/0
     7 | D        | Learned a level 1 spell: Freeze
     7 | D        | Reached XP level 4. HP: 33/33 MP: 0/0
     7 | D        | Reached XP level 5. HP: 38/38 MP: 0/0
     7 | D        | Learned a level 2 spell: Ensorcelled Hibernation
     7 | D        | Reached XP level 6. HP: 43/43 MP: 0/0
     7 | D        | Reached XP level 7. HP: 49/49 MP: 0/0
     7 | D        | Learned a level 3 spell: Gell's Gravitas
     7 | D        | Reached XP level 8. HP: 54/54 MP: 0/0
     7 | D        | Reached XP level 9. HP: 58/58 MP: 0/0
     7 | D        | Learned a level 3 spell: Ozocubu's Armour
     7 | D        | Reached XP level 10. HP: 64/64 MP: 0/0
     7 | D        | Reached XP level 11. HP: 68/68 MP: 0/0
     7 | D        | Learned a level 4 spell: Iskenderun's Mystic Blast
     7 | D        | Reached XP level 12. HP: 74/74 MP: 0/0
     7 | D        | Noticed a bag of meat
     7 | D        | Noticed a bag of meat
     8 | D        | Killed a bag of meat
     8 | D        | Reached * piety under Makhleb
     8 | D        | Noticed a meat berserker
     8 | D        | HP: 2/74 [meat berserker/+9 battleaxe (72)]
     9 | D        | Reached XP level 13. HP: 2/78 MP: 0/0
     9 | D        | Learned a level 5 spell: Blade Hands
     9 | D        | Killed a meat berserker
     9 | D        | Killed a bag of meat
     9 | D        | Noticed a bag of meat
    10 | D        | Reached XP level 14. HP: 19/85 MP: 0/0
    10 | D        | Killed a bag of meat
    10 | D        | Reached ** piety under Makhleb
    10 | D        | Killed a bag of meat
    11 | D        | Reached XP level 15. HP: 49/89 MP: 0/0
    11 | D        | Learned a level 6 spell: Eringya's Noxious Bog
    11 | D        | Killed a meat berserker
    12 | D        | Reached *** piety under Makhleb
    13 | D        | Reached XP level 16. HP: 94/94 MP: 0/0
    13 | D        | Killed a meat berserker
    13 | D        | Reached **** piety under Makhleb
    14 | D        | Reached skill level 27 in Axes
    14 | D        | Reached skill level 27 in Spellcasting
    14 | D        | Reached skill level 5 in Dodging
    15 | D        | Reached ***** piety under Makhleb
    15 | D        | Noticed a large bag of meat
    16 | D        | Reached skill level 15 in Dodging
    16 | D        | Reached XP level 17. HP: 127/127 MP: 0/0
    16 | D        | Learned a level 7 spell: Dragon Form
    17 | D        | Noticed a meat berserker
    17 | D        | Noticed a meat berserker
    18 | D        | Killed a meat berserker
    19 | D        | Reached XP level 18. HP: 148/148 MP: 0/0
    19 | D        | Noticed a meat berserker
    20 | D        | Reached ****** piety under Makhleb
    20 | D        | Killed a large bag of meat
    21 | D        | Reached skill level 27 in Fighting
    21 | D        | Reached skill level 27 in Dodging
    21 | D        | Reached XP level 19. HP: 174/174 MP: 0/0
    21 | D        | Learned a level 6 spell: Death Channel
    21 | D        | Noticed a meat berserker
    21 | D        | Noticed a meat berserker
    23 | D        | Noticed a meat berserker
    24 | D        | Reached skill level 27 in Invocations
    24 | D        | Reached XP level 20. HP: 181/181 MP: 0/0
    24 | D        | Noticed a large bag of meat
    25 | D        | Noticed a destroyer
    25 | D        | Noticed a large bag of meat
    25 | D        | Noticed a meat berserker
    26 | D        | Noticed a large bag of meat
    26 | D        | Killed a meat berserker
    27 | D        | Reached skill level 15 in Throwing
    27 | D        | Reached XP level 21. HP: 187/187 MP: 0/0
    27 | D        | Learned a level 8 spell: Ignition
    27 | D        | Killed a meat berserker
    27 | D        | Killed a meat berserker
    27 | D        | Noticed a meat berserker
    28 | D        | Reached skill level 27 in Armour
    28 | D        | Killed a destroyer
    29 | D        | Reached XP level 22. HP: 194/194 MP: 0/0
    29 | D        | Killed a meat berserker
    30 | D        | Reached skill level 27 in Throwing
    30 | D        | Killed a meat berserker
    30 | D        | Noticed a meat berserker
    31 | D        | Reached XP level 23. HP: 201/201 MP: 0/0
    31 | D        | Learned a level 7 spell: Orb of Destruction
    31 | D        | Killed a large bag of meat
    31 | D        | Noticed a destroyer
    31 | D        | Noticed a destroyer
    32 | D        | Reached skill level 10 in Maces & Flails
    32 | D        | Reached skill level 10 in Polearms
    32 | D        | Reached skill level 10 in Ranged Weapons
    32 | D        | Noticed a large bag of meat
    33 | D        | Killed a large bag of meat
    33 | D        | Killed a large bag of meat
    33 | D        | Killed a destroyer
    34 | D        | Reached skill level 15 in Shields
    34 | D        | Reached skill level 15 in Unarmed Combat
    34 | D        | Reached skill level 15 in Evocations
    34 | D        | Reached XP level 24. HP: 208/208 MP: 0/0
    34 | D        | Killed a destroyer
    35 | D        | Reached skill level 15 in Short Blades
    35 | D        | Reached skill level 15 in Long Blades
    35 | D        | Reached skill level 15 in Staves
    35 | D        | Reached skill level 15 in Stealth
    36 | D        | Noticed a destroyer
    37 | D        | Reached skill level 15 in Maces & Flails
    37 | D        | Reached skill level 15 in Polearms
    37 | D        | Reached skill level 15 in Ranged Weapons
    37 | D        | Noticed a large bag of meat
    38 | D        | Killed a destroyer
    38 | D        | Killed a large bag of meat
    38 | D        | Noticed a large bag of meat
    39 | D        | Reached XP level 25. HP: 210/214 MP: 0/0
    39 | D        | Learned a level 8 spell: Disjunction
    39 | D        | Killed a large bag of meat
    39 | D        | Noticed a destroyer
    39 | D        | Noticed a large bag of meat
    41 | D        | Noticed a large bag of meat
    41 | D        | Noticed a large bag of meat
    41 | D        | Noticed a destroyer
    43 | D        | Reached XP level 26. HP: 221/221 MP: 0/0
    44 | D        | Killed a destroyer
    45 | D        | Killed a large bag of meat
    46 | D        | Killed a large bag of meat
    48 | D        | Reached XP level 27. HP: 205/228 MP: 0/0
    48 | D        | Learned a level 9 spell: Death's Door
    48 | D        | Noticed an accursed
    49 | D        | Noticed a tyrant
    50 | D        | Killed a destroyer
    50 | D        | Noticed a destroyer
    53 | D        | Noticed a destroyer
    54 | D        | Killed a tyrant
    55 | D        | Reached skill level 27 in Shields
    55 | D        | Reached skill level 27 in Unarmed Combat
    55 | D        | Reached skill level 27 in Evocations
    55 | D        | Killed a large bag of meat
    55 | D        | Killed a large bag of meat
    56 | D        | Killed a destroyer
    57 | D        | Reached skill level 27 in Short Blades
    57 | D        | Reached skill level 27 in Long Blades
    57 | D        | Reached skill level 27 in Staves
    57 | D        | Reached skill level 27 in Stealth
    57 | D        | Killed a destroyer
    57 | D        | Killed an accursed
    58 | D        | Reached skill level 27 in Maces & Flails
    58 | D        | Reached skill level 27 in Polearms
    58 | D        | Reached skill level 27 in Ranged Weapons
    58 | D        | Noticed a large bag of meat
    61 | D        | Noticed an accursed
    62 | D        | Noticed a destroyer
    64 | D        | Killed a destroyer
    65 | D        | Noticed The Captor
    66 | D        | Killed an accursed
    66 | D        | Killed The Captor
    66 | D        | Noticed an accursed
    67 | D        | Noticed a destroyer
    67 | D        | Killed a destroyer
    67 | D        | Killed an accursed
    69 | D        | Killed a large bag of meat
    69 | D        | Noticed a large bag of meat
    70 | D        | Killed a large bag of meat
    72 | D        | Noticed a dread
    73 | D        | Killed a dread
    74 | D        | Noticed a meat beast
    75 | D        | Noticed an accursed
    75 | D        | Noticed a tyrant
    76 | D        | Noticed a tyrant
    78 | D        | Noticed a meat beast
    78 | D        | Noticed a dread
    79 | D        | Killed a meat beast
    80 | D        | Killed a dread
    80 | D        | Killed a meat beast
    80 | D        | Noticed a meat beast
    81 | D        | Noticed a destroyer
    81 | D        | Killed a tyrant
    82 | D        | Killed a meat beast
    82 | D        | Noticed a destroyer
    82 | D        | Noticed a meat beast
    84 | D        | Killed a destroyer
    84 | D        | Killed a tyrant
    84 | D        | Noticed a dread
    85 | D        | Killed a destroyer
    85 | D        | Noticed a dread
    85 | D        | Noticed an accursed
    86 | D        | Noticed an accursed
    86 | D        | Noticed a large bag of meat
    87 | D        | Killed an accursed
    88 | D        | Killed an accursed
    88 | D        | Noticed an accursed
    89 | D        | Noticed a meat beast
    89 | D        | Noticed a meat beast
    89 | D        | Noticed a dread
    89 | D        | Noticed a destroyer
    89 | D        | Noticed a dread
    90 | D        | Killed an accursed
    91 | D        | Noticed a destroyer
    91 | D        | Killed a dread
    91 | D        | Killed a meat beast
    92 | D        | Killed a dread
    92 | D        | Annihilated by a destroyer

Illustrated notes

Levels and vault maps discovered:
D:        meatsprint

Skill      XL: |  1  2  3  4  5  6  7  8  9 10 11 12 13 14 15 16 17 18 19 20 21 22 23 24 25 26 27 |
---------------+----------------------------------------------------------------------------------+-----
Axes           | 17 19 22 23 26 27 | 27.0
Spellcasting   | 16 18 20 22 24 27 | 27.0
Dodging        | 15 21 27 | 27.0
Fighting       | 13 19 27 | 27.0
Invocations    | 8 27 | 27.0
Throwing       | 2 15 24 27 | 27.0
Armour         | 3 23 27 | 27.0
Short Blades   | 8 14 18 19 22 27 | 27.0
Long Blades    | 8 14 18 19 22 27 | 27.0
Maces & Flails | 8 13 16 18 20 27 | 27.0
Polearms       | 8 13 16 18 20 27 | 27.0
Staves         | 8 14 18 19 22 27 | 27.0
Ranged Weapons | 8 13 16 18 20 27 | 27.0
Stealth        | 8 14 18 19 22 27 | 27.0
Shields        | 9 15 19 21 24 27 | 27.0
Unarmed Combat | 9 15 19 21 24 27 | 27.0
Evocations     | 9 15 19 21 24 27 | 27.0

Action                     |  1- 3 |  4- 6 |  7- 9 | 10-12 | 13-15 | 16-18 | 19-21 | 22-24 | 25-27 || total
---------------------------+-------+-------+-------+-------+-------+-------+-------+-------+-------++-------
  Melee: Executioner's axe |     1 |       |       |     1 |     4 |    14 |    12 |    19 |   119 ||   170
   Cast: Manifold Assault  |       |       |       |       |       |     5 |     2 |     3 |    29 ||    39
         Gell's Gravitas   |       |       |       |       |       |     1 |       |       |       ||     1
         Vhi's Electric Ch |       |       |       |       |       |       |       |     1 |     2 ||     3
         Disjunction       |       |       |       |       |       |       |       |       |     1 ||     1
         Death Channel     |       |       |       |       |       |       |       |       |     1 ||     1
  Dodge: Dodged            |       |       |       |       |       |       |       |       |     2 ||     2
